Map: Rhoskallian LE

Players

ПапинТапок

  • Race: Zerg Zerg
  • Spawn Location: 12:00

ПавелЛокоть

  • Race: Zerg Zerg
  • Spawn Location: 11:00

Ekelpack - Winner!

  • Race: Zerg Zerg
  • Spawn Location: 6:00

Nyck - Winner!

  • Race: Terran Terran
  • Spawn Location: 5:00

VOD

Have the link to the VOD?

Description

Time

  • Played on: April 8, 2025, 2:42 p.m.
  • Length: 11:35
Show
View Real Time Build Order
Export as new Build Order

ПапинТапок Zerg 

Build Orders: Pool First 

Get SALT Encoding   

  12  0:01  Drone  
  13  0:08  Drone  
  14  0:18  Overlord  
  14  0:35  Spawning Pool  
  13  0:38  Drone  
  13  0:41  Drone  
  15  0:46  Drone  
  16  0:51  Drone  
  16  0:54  Extractor  
  16  1:00  Drone  
  17  1:11  Drone  
  18  1:22  Drone, Queen  
  21  1:32  Drone  
  22  1:43  Hatchery  
  22  1:46  Zergling x2  
  22  1:53  Overlord  
  22  1:58  Metabolic Boost  
  22  2:14  Overlord  
  22  2:17  Queen  
  24  2:24  Overlord  
  24  2:27  Zergling x2  
  25  2:35  Zergling x4  
  25  2:36  Zergling x2  
  28  2:46  Baneling Nest  
  28  2:51  Zergling x2  
  28  3:04  Zergling x6  
  31  3:13  Drone  
  31  3:17  Queen  
  31  3:19  Zergling x4  
  36  3:23  Zergling x2  
  37  3:31  Zergling x4  
  37  3:33  Zergling x2  
  28  4:23  Zergling x14  
  29  5:04  Zergling x12  
  29  5:05  Zergling x12  
  41  5:07  Baneling x8  
  41  5:17  Lair  
  41  5:23  Drone x2  
  43  5:30  Zergling x2  
  43  5:31  Zergling x2  
  45  5:42  Drone x4  
  49  5:47  Baneling x5  
  49  5:48  Baneling x5  
  49  6:02  Zergling x6  
  39  6:36  Zergling x2  
  39  6:37  Zergling x18  
  46  6:43  Baneling  
  46  6:44  Baneling x5  
  46  6:46  Drone x2  
  48  6:57  Extractor  
  48  6:59  Drone  
  48  7:00  Drone  
  49  7:03  Extractor x2  
  49  7:07  Baneling x3  
  47  7:08  Baneling  
  39  7:25  Spore Crawler  
  39  7:27  Spore Crawler x2  
  39  7:28  Spore Crawler  
  28  7:33  Drone x4, Spore Crawler  
  28  7:34  Spore Crawler  
  28  7:36  Drone  
  28  7:37  Drone x3  
  34  7:48  Hydralisk Den  
  34  7:50  Drone x2  
  35  7:52  Drone x3  
  38  8:18  Hydralisk x4  
  46  8:35  Grooved Spines  
  46  8:39  Hydralisk  
  46  8:40  Hydralisk  
  50  8:42  Zergling x4  
  50  8:46  Overlord  
  50  8:47  Overlord x3  
  44  9:10  Baneling  
  44  9:11  Baneling x3  
  43  9:17  Spore Crawler  
  43  9:18  Drone x4  
  43  9:19  Spine Crawler  
  43  9:21  Hydralisk x2  
  43  9:22  Hydralisk  
  51  9:39  Hydralisk x3  
  57  9:49  Muscular Augments  
  57  10:07  Hydralisk  
  57  10:08  Hydralisk x3  
  65  10:25  Hatchery  
  64  10:43  Hydralisk  
  64  10:44  Hydralisk x3  
Show
View Real Time Build Order
Export as new Build Order

ПавелЛокоть Zerg 

Build Orders: Pool First 

Get SALT Encoding   

  12  0:04  Drone  
  13  0:21  Overlord  
  13  0:25  Drone  
  14  0:29  Extractor  
  14  0:31  Drone  
  14  0:51  Drone x2  
  16  0:57  Spawning Pool  
  16  1:04  Drone  
  16  1:13  Drone  
  17  1:30  Hatchery  
  16  1:34  Drone  
  16  1:35  Drone  
  18  1:47  Zergling x2  
  18  1:48  Zergling x2  
  20  1:55  Queen  
  22  2:07  Metabolic Boost  
  22  2:11  Overlord  
  22  2:31  Drone, Evolution Chamber  
  22  2:32  Drone x2  
  24  2:40  Extractor  
  24  2:41  Baneling Nest  
  24  2:43  Drone  
  23  2:48  Drone  
  24  2:59  Drone  
  24  3:02  Drone  
  26  3:06  Zerg Melee Weapons Level 1  
  26  3:17  Drone x2, Spore Crawler  
  26  3:19  Drone  
  28  3:25  Zergling x4  
  30  3:36  Zergling x6  
  30  3:37  Zergling x2  
  34  3:48  Zergling x4  
  34  4:16  Zergling x2  
  34  4:17  Zergling x6  
  32  4:31  Zergling x2  
  32  4:32  Zergling x6  
  32  4:35  Lair  
  36  5:01  Zerg Ground Armor Level 1  
  36  5:06  Baneling x4  
  36  5:19  Overlord  
  36  5:20  Overlord x3  
  36  5:34  Centrifugal Hooks  
  36  5:36  Overlord  
  36  5:37  Queen, Overlord  
  38  5:45  Hydralisk Den  
  38  5:49  Drone x5  
  42  5:54  Zergling x2  
  42  5:55  Zergling x2  
  44  6:04  Extractor  
  42  6:13  Pneumatized Carapace  
  33  6:28  Zergling x2  
  33  6:29  Zergling x10  
  39  6:53  Hydralisk  
  39  6:54  Hydralisk x3  
  47  7:06  Drone  
  47  7:07  Drone  
  49  7:14  Hatchery  
  48  7:31  Hydralisk  
  48  7:32  Hydralisk x5  
  48  7:36  Spore Crawler  
  59  7:44  Extractor  
  58  7:45  Drone  
  59  8:00  Spore Crawler  
  58  8:11  Muscular Augments  
  49  8:34  Hydralisk x5  
  46  8:35  Hydralisk  
  58  8:51  Spore Crawler, Zerg Missile Weapons Level 1  
  58  8:55  Hydralisk  
  43  9:04  Hydralisk  
  43  9:05  Hydralisk  
  47  9:15  Grooved Spines  
  47  9:16  Drone  
  51  9:17  Drone x5  
  53  9:36  Hydralisk x3  
  59  9:47  Zergling x2  
  59  9:48  Zergling x6  
  63  9:55  Overseer x3  
  63  9:56  Overlord  
  63  10:06  Drone x2  
  63  10:07  Drone x3  
  68  10:43  Hydralisk x4  
  68  10:45  Overlord x2  
  76  11:04  Hydralisk  
  76  11:05  Hydralisk x3  
Show
View Real Time Build Order
Export as new Build Order

Ekelpack Zerg - Winner!

Build Orders: Hatch First 

Get SALT Encoding   

  12  0:00  Drone  
  13  0:12  Overlord  
  13  0:18  Drone  
  14  0:31  Drone x2  
  14  0:34  Drone  
  17  0:52  Hatchery  
  17  0:55  Drone  
  17  0:57  Extractor  
  17  1:00  Drone  
  17  1:15  Spawning Pool  
  17  1:17  Drone  
  17  1:21  Drone  
  18  1:28  Drone  
  19  1:51  Drone  
  20  2:02  Queen  
  20  2:05  Queen  
  20  2:06  Drone  
  25  2:09  Drone x2  
  27  2:16  Overlord  
  27  2:18  Metabolic Boost  
  27  2:27  Drone  
  28  2:34  Drone  
  29  2:46  Drone  
  29  2:48  Drone x2  
  29  2:49  Drone  
  33  2:51  Drone  
  33  2:53  Extractor  
  33  2:58  Zergling x2  
  34  3:06  Overlord  
  34  3:10  Drone  
  35  3:13  Zergling x2  
  35  3:18  Lair  
  36  3:20  Overlord  
  36  3:24  Drone x3  
  39  3:27  Extractor  
  39  3:28  Overlord  
  38  3:36  Drone  
  39  3:46  Zergling x2  
  39  3:47  Zergling x10  
  43  3:54  Queen  
  40  3:59  Zergling x2  
  40  4:00  Zergling x6  
  31  4:16  Zergling x2  
  31  4:17  Zergling x4  
  31  4:24  Zergling x8  
  32  4:44  Spire  
  31  5:00  Drone  
  31  5:01  Drone x2  
  34  5:17  Drone x3  
  37  5:22  Drone x3  
  37  5:24  Drone  
  37  5:27  Zergling x2  
  42  5:32  Drone  
  43  5:49  Drone x4  
  47  5:51  Zergling x6  
  47  5:55  Overlord  
  50  6:03  Zerg Flyer Weapons Level 1  
  39  6:29  Zergling x2  
  39  6:30  Mutalisk x7  
  51  6:45  Extractor  
  50  6:47  Drone x3  
  50  6:49  Overlord  
  50  6:52  Mutalisk x2  
  57  7:06  Drone x4  
  61  7:29  Mutalisk x4  
  62  7:30  Overlord x2  
  68  7:38  Zergling x2  
  68  7:39  Zergling x8  
  66  8:22  Drone x9  
  60  8:37  Drone x3  
  60  8:38  Zerg Flyer Weapons Level 2  
  63  8:45  Drone, Queen  
  51  9:18  Overlord x2  
  51  9:25  Mutalisk x5  
  51  9:26  Mutalisk x2  
  65  9:41  Drone x2  
  67  9:56  Infestation Pit  
  66  10:02  Zergling x14  
  73  10:33  Zergling x2  
  73  10:34  Zergling x18  
  82  11:10  Mutalisk  
  82  11:11  Mutalisk x5  
Show
View Real Time Build Order
Export as new Build Order

Nyck Terran - Winner!

Build Orders: Command Center First 

Get SALT Encoding   

  12  0:00  SCV  
  13  0:12  SCV  
  14  0:18  Supply Depot  
  14  0:24  SCV  
  15  0:39  SCV  
  16  0:51  SCV  
  17  1:02  Command Center  
  17  1:06  SCV  
  18  1:22  SCV, Barracks  
  19  1:39  SCV  
  20  1:46  Barracks  
  20  1:47  Barracks  
  20  1:57  SCV  
  20  2:09  SCV  
  21  2:21  Refinery  
  21  2:23  Refinery  
  21  2:24  Orbital Command  
  21  2:25  Orbital Command  
  21  2:39  Marine, Barracks  
  21  2:41  Marine  
  21  2:44  Marine  
  24  2:58  SCV x2  
  26  3:00  Marine  
  26  3:01  Refinery  
  27  3:06  Barracks Tech Lab  
  27  3:08  Barracks Tech Lab  
  27  3:10  SCV  
  28  3:17  SCV  
  29  3:24  SCV  
  29  3:25  Refinery  
  30  3:29  SCV  
  30  3:30  Barracks Reactor x2  
  31  3:36  Supply Depot, SCV  
  31  3:41  SCV  
  33  3:42  Marine  
  33  3:43  Marine  
  35  3:48  SCV  
  36  3:59  Marine  
  36  4:01  Marine  
  34  4:11  SCV x2  
  34  4:17  Marine x4  
  34  4:18  Marine  
  34  4:19  Marine  
  34  4:29  SCV x2  
  36  4:34  Combat Shield  
  36  4:35  Marine  
  36  4:37  Stimpack  
  37  4:49  SCV  
  37  4:50  SCV  
  37  4:51  Marine x3  
  37  4:52  Marine  
  43  5:01  Bunker  
  43  5:02  Marine  
  43  5:03  Marine  
  43  5:05  SCV  
  46  5:13  Supply Depot  
  46  5:24  Factory  
  46  5:34  SCV x2, Marine  
  49  5:35  Supply Depot  
  49  5:38  Marine x3  
  49  5:39  Marine x2  
  49  5:40  Command Center  
  54  5:47  Engineering Bay  
  54  5:51  Engineering Bay  
  54  5:57  SCV  
  54  5:58  Supply Depot  
  54  6:00  SCV  
  42  6:39  SCV x2  
  44  6:49  Terran Infantry Weapons Level 1, Terran Infantry Armor Level 1  
  44  6:50  Command Center  
  44  6:51  SCV  
  44  6:52  SCV  
  46  6:55  Supply Depot  
  46  6:56  Armory  
  46  6:57  Marine  
  46  6:58  Marine x4  
  46  6:59  Marine  
  52  7:02  Starport  
  52  7:03  SCV  
  52  7:04  SCV, Factory Reactor  
  45  7:27  Marine x4  
  45  7:28  Marine x2  
  47  7:37  Bunker  
  47  7:39  Orbital Command  
  47  7:45  Marine  
  48  7:57  Medivac x2  
  52  8:01  SCV x2  
  54  8:16  Missile Turret  
  54  8:25  Marine x3  
  54  8:26  Marine x3  
  60  8:28  SCV x2  
  60  8:31  Medivac x2  
  67  8:40  SCV x2  
  68  8:46  Terran Infantry Weapons Level 2  
  68  8:55  Orbital Command  
  68  9:02  SCV x2  
  70  9:03  Orbital Command  
  70  9:10  Supply Depot  
  70  9:11  Factory Tech Lab  
  70  9:14  SCV x2  
  72  9:25  SCV  
  72  9:26  SCV x2  
  75  9:33  Marine x4  
  75  9:34  Marine x2  
  75  9:37  SCV x2  
  84  9:38  SCV x2  
  84  9:40  Siege Tank  
  84  9:43  Medivac x2  
  92  9:49  SCV x2  
  92  9:50  SCV x2  
  96  9:58  Marine x4  
  96  9:59  Marine x2  
  102  10:03  SCV x4  
  106  10:07  Refinery  
  106  10:10  Refinery  
  106  10:12  Medivac  
  106  10:13  Refinery, Medivac  
  110  10:14  Refinery  
  110  10:15  SCV x2  
  110  10:20  Marine  
  113  10:21  Marine x3  
  116  10:45  Sensor Tower  
  116  10:49  Sensor Tower  
  116  10:57  SCV x4, Marine x6  
  116  10:58  Siege Tank  
  129  11:06  Bunker  
  129  11:09  SCV x3  
  132  11:15  SCV, Marine x5  
  137  11:21  SCV x2  
Tags
 
Add a new tag
Caveats
  • Supply blocks, unpowered buildings, or Contaminate may cause inaccurate times.
  • Supply counts are checked every 10 seconds.